 Dungeon Crawl Stone Soup version 0.19.1-1-g22dce08 (webtiles) character file.

55 Hipnos the Slasher (level 4, -17/35 HPs)
             Began as a Human Monk on Jan 13, 2017.
             Was a Priest of Nemelex Xobeh.
             Killed by a card of wild magic (47 damage)
             ... on level 3 of the Dungeon.
             The game lasted 00:07:54 (1872 turns).

Hipnos the Slasher (Human Monk)                     Turns: 1872, Time: 00:07:54

Health: -17/35     AC:  3    Str: 11    XL:     4   Next: 14%
Magic:  4/4        EV: 10    Int: 12    God:    Nemelex Xobeh [***...]
Gold:   116        SH:  7    Dex: 15    Spells: 0 memorised, 3 levels left

rFire  . . .     SeeInvis .     a - +0 falchion
rCold  . . .     Gourm    .     d - +0 leather armour
rNeg   . . .     Faith    .     o - +0 shield
rPois  .         Spirit   .     (no helmet)
rElec  .         Reflect  .     (no cloak)
rCorr  .         Harm     .     (no gloves)
MR     .....                    (no boots)
Stlth  ++........               (no amulet)
                                (no ring)
                                (no ring)

@: no status effects
A: no striking features
a: Triple Draw, Renounce Religion


You were on level 3 of the Dungeon.
You worshipped Nemelex Xobeh.
Nemelex Xobeh was most pleased with you.
You were very hungry.

You visited 1 branch of the dungeon, and saw 3 of its levels.

You collected 116 gold pieces.

Inventory:

Hand Weapons
 a - a +0 falchion (weapon)
Armour
 b - a +0 robe
 d - a +0 leather armour (worn)
 o - a +0 shield (worn)
Scrolls
 e - a scroll of fog {unknown}
 f - a scroll of random uselessness {unknown}
 h - 2 scrolls of recharging {unknown}
 l - 2 scrolls of remove curse {unknown}
 m - a scroll of enchant weapon {unknown}
 n - a scroll of magic mapping {unknown}
Potions
 i - a potion of agility
 j - 2 potions of flight
Miscellaneous
 k - an ornate deck of summoning
 p - a plain deck of destruction {drawn: 5}
 q - a plain deck of escape
Comestibles
 c - 2 bread rations
 g - 2 meat rations


   Skills:
 + Level 3.1 Fighting
 + Level 3.7 Long Blades
 + Level 1.3 Armour
 + Level 3.4 Dodging
 + Level 2.2 Stealth
 + Level 0.2 Shields


You had 3 spell levels left.
You didn't know any spells.

Dungeon Overview and Level Annotations

Branches:
Dungeon (3/15)

Altars:
Nemelex Xobeh


Message History

The orb of energy misses Robin.
The orb of energy explodes!
The mystic blast hits the goblin.
You kill the goblin!
The mystic blast hits the goblin.
You kill the goblin!
You hear a shout!
Robin hits you with a dagger. The goblin hits you.
Evoke which item? (* to show all) (? for menu, Esc to quit)
You draw a card...
It is Wild Magic.
There is a sudden explosion of magical energy!
The explosion engulfs the goblin.
The goblin dies!
The explosion engulfs Robin.
Robin dies!
You have reached level 4!
You feel clever. The explosion engulfs you!
Ouch! That really hurt!
You die...
Your body glows slightly and disappears.

......... ........
######....... .
##........... #.##
#<..#... ...
#...###.#...# #.#
#........# ###)#
#.##......####g).#
#........$.gg..#@#
g....##...######.#
g##. #....... #.# #
#........##.#
#....######.#
##.#..######.######
......#...........##
...##..............##
....................#


You could see a goblin.

Vanquished Creatures
  A worm (D:2)
  2 dart slugs
  A leopard gecko (D:1)
  A giant cockroach (D:2)
  2 hobgoblins
  3 jackals (D:1)
  7 bats
  2 frilled lizards
  7 goblins
  3 kobolds (D:1)
  5 rats (D:1)
  2 fungi (D:1)
36 creatures vanquished.

Vanquished Creatures (others)
  Robin (D:3)
  A goblin (D:3)
2 creatures vanquished.

Grand Total: 38 creatures vanquished

Notes
Turn   | Place    | Note
-------+----------+-------------------------------------------
     0 | D:1      | Hipnos the Human Monk began the quest for the Orb.
     0 | D:1      | Reached XP level 1. HP: 18/18 MP: 1/1
   256 | D:1      | Reached XP level 2. HP: 24/24 MP: 2/2
   599 | D:1      | Reached XP level 3. HP: 19/29 MP: 3/3
  1152 | D:2      | Found a faded altar of an unknown god.
  1161 | D:2      | Became a worshipper of Nemelex Xobeh the Trickster
  1161 | D:2      | Received a gift from Nemelex Xobeh
  1161 | D:2      | Reached * piety under Nemelex Xobeh
  1161 | D:2      | Reached ** piety under Nemelex Xobeh
  1161 | D:2      | Received a gift from Nemelex Xobeh
  1161 | D:2      | Received a gift from Nemelex Xobeh
  1611 | D:3      | Reached *** piety under Nemelex Xobeh
  1631 | D:3      | Reached skill level 1 in Armour
  1635 | D:3      | Noticed Robin
  1872 | D:3      | Killed Robin
  1872 | D:3      | Reached XP level 4. HP: 30/35 MP: 4/4
  1872 | D:3      | Killed by a card of wild magic

Skill      XL: |  1  2  3 |
---------------+----------+-----
Armour         | 1 |  1.3
Fighting       | |  3.1
Long Blades    | |  3.7
Dodging        | |  3.4
Stealth        | |  2.2
Shields        | |  0.2

Action                   |  1- 3 |  4- 6 || total
-------------------------+-------+-------++-------
Melee: Falchion          |   164 |       ||   164
Evoke: Deck              |     4 |       ||     4
  Use: Scroll            |     2 |       ||     2
 Stab: Sleeping          |     2 |       ||     2
  Eat: Chunk             |     2 |       ||     2
Armor: Robe              |     3 |       ||     3
       Leather armour    |    43 |       ||    43
Dodge: Dodged            |    67 |       ||    67
Block: Shield            |    15 |       ||    15
       Rpst.: Falchion   |    27 |       ||    27
